 Dungeon Crawl Stone Soup version 0.30-a0-1008-g30c9307041 (webtiles) character file.

Game seed: 17672887623481270344

77 Denapoli the Shield-Bearer (level 4, 0/35 (37) HPs)
             Began as a Formicid Fighter on Apr 5, 2023.
             Slain by an ogre
             ... wielding a +0 giant club
              (25 damage)
             ... on level 3 of the Dungeon.
             The game lasted 00:04:04 (1942 turns).

Denapoli the Shield-Bearer (Formicid Fighter)       Turns: 1942, Time: 00:04:04

HP:   0/35 (37)     AC:  7    Str: 23    XL:     4   Next: 58%
MP:   4/4           EV:  9    Int:  7    God:
Gold: 160           SH:  5    Dex: 13    Spells: 3/3 levels left

rFire   . . .      SeeInvis +    a - +0 long sword
rCold   . . .      Faith    .    c - +0 buckler
rNeg    . . .      Spirit   .    b - +0 scale mail
rPois   .          Reflect  .    (helmet unavailable)
rElec   .          Rampage  .    (no cloak)
rCorr   .                        (no gloves)
Will    .....                    (no boots) Stlth
                                 (no amulet)
HPRegen 0.25/turn                (no ring)
MPRegen 0.09/turn                (no ring)

@: mighty, drained
A: permanent stasis, dig shafts and tunnels, antennae 3, four strong arms
a: Dig, Shaft Self


You were on level 3 of the Dungeon.
You visited 1 branch of the dungeon, and saw 3 of its levels.

You collected 160 gold pieces.

Inventory:

Hand Weapons
 a - a +0 long sword (weapon)
Missiles
 i - 2 javelins (quivered)
Armour
 b - a +0 scale mail (worn)
 c - a +0 buckler (worn)
Scrolls
 e - a scroll of noise {unknown}
 h - a scroll of poison {unknown}
Potions
 d - 2 potions of might
 f - 3 potions of degeneration
 g - 2 potions of curing {unknown}
 j - a potion of lignification {unknown}
 k - a potion of attraction {unknown}
 l - 2 potions of heal wounds {unknown}


   Skills:
 * Level 3.9 Fighting
 + Level 2.7 Long Blades
 + Level 0.1 Throwing
 * Level 4.0 Armour
 * Level 4.7 Shields


You had 3 spell levels left.
You didn't know any spells.
Your spell library contained the following spells:

 Spells                   Type           Power      Damage    Failure   Level
 Ignite Poison            Fire/Tmut/Pois 0%         N/A       99%         3
 Tukima's Dance           Hex            0%         N/A       99%         3
 Passage of Golubria      Tloc           0%         N/A       100%        4
 Sticky Flame             Conj/Fire      0%         2d3       100%        4
 Yara's Violent Unravell  Hex/Tmut       0%         3d3       100%        5
 Ignition                 Fire           0%         3d3       100%        8


Dungeon Overview and Level Annotations

Branches:
Dungeon (3/15)

Altars:


Innate Abilities, Weirdness & Mutations

You cannot be hasted, slowed, berserked, paralysed or teleported.
You can dig through walls and to a lower floor.
You have a pair of large antennae on your head. (SInv)
Your four strong arms can wield two-handed weapons with a shield.


Message History

The ogre shouts!
You hit the quokka.
The quokka is almost dead.
The quokka barely misses you. The kobold closely misses you.
You closely miss the quokka.
The quokka is almost dead.
The quokka bites you. The kobold hits you but does no damage.
The quokka bites you. The quokka attacks as you move away!
The quokka closely misses you.
You hit the kobold but do no damage.
The kobold hits you with a +0 short sword.
You hit the kobold.
You kill the kobold!
The goblin unwields a +0 club.
The goblin wields a +1 sling of draining.
You sense an unholy aura.
The goblin shoots a sling bullet.
The sling bullet hits you.
You feel drained.
You see here a scroll labelled HIUJEA KUGG.
Throw: 4 javelins
Press: ? - help, Q - select action, (/) - cycle Shift-Dir - straight line, f - ogre
Aim: an ogre, wielding a +0 giant club (73% to hit)
You throw a javelin.
The javelin pierces through the quokka but does no damage.
The quokka is almost dead.
The javelin barely misses the ogre.
The quokka bites you.
The quokka bites you but does no damage.
Throw: 3 javelins
Press: ? - help, Q - select action, (/) - cycle Shift-Dir - straight line, f/p - ogre
Aim: an ogre, wielding a +0 giant club (73% to hit)
You throw a javelin.
The javelin hits the quokka and shatters for extra damage!
You kill the quokka!
The ogre closely misses you.
You feel very mighty all of a sudden.
You slash the ogre!
The ogre is heavily wounded.
The ogre hits you with a +0 giant club!!
Ouch! That really hurt!
You die...

.##.....#######.##
.##.....# #.#
........#######.##
.##.....##.......#
..#.....##.####..#
#.####### ###..#
.# #....# .#
#.##.# ..
####.##.##@# ..
.....$..gO.# .#.
#.#...(.####
#.##### #


You could see an ogre and a goblin.

Vanquished Creatures
  An adder (D:3)
  4 dart slugs (D:3)
  5 ball pythons
  4 endoplasms
  6 giant cockroaches
  3 goblins
  3 hobgoblins (D:1)
  3 quokkas
  5 bats
  8 frilled lizards
  9 kobolds
  4 rats
55 creatures vanquished.

Notes
Turn   | Place    | Note
-------+----------+-------------------------------------------
     0 | D:1      | Denapoli the Formicid Fighter began the quest for the Orb.
     0 | D:1      | Reached XP level 1. HP: 18/18 MP: 1/1
    81 | D:1      | Reached XP level 2. HP: 20/24 MP: 2/2
   394 | D:1      | Reached XP level 3. HP: 28/29 MP: 3/3
  1071 | D:2      | Found a faded altar of an unknown god.
  1585 | D:3      | Reached XP level 4. HP: 37/37 MP: 4/4
  1931 | D:3      | Noticed an ogre
  1942 | D:3      | Slain by an ogre

Illustrated notes

Levels and vault maps discovered:
D:1:      erik_arrival_triangle_small, layout_loops_corners
D:2:      layout_basic, basic_ecumenical_altar
D:3:      layout_loops_cross, minmay_misc_feat_rows, uniq_ijyb

Skill      XL: |  1  2  3  4 |
---------------+-------------+-----
Armour         | 4 |  4.0
Fighting       | |  3.9
Long Blades    | |  2.7
Throwing       | |  0.1
Shields        | |  4.7

Action                     |  1- 3 |  4- 6 || total
---------------------------+-------+-------++-------
  Melee: Long sword        |   112 |    42 ||   154
  Throw: Javelin           |       |     2 ||     2
    Use: Scroll            |       |     1 ||     1
         Potion            |       |     1 ||     1
 Armour: Scale mail        |    33 |    19 ||    52
  Dodge: Dodged            |    48 |    31 ||    79
  Block: Buckler           |    29 |    14 ||    43

Table legend: (Time is in decaauts)
 A = Elapsed time spent in this place.
 B = Non-inter-level travel time spent in this place.
 C = Inter-level travel time spent in this place.
 D = Time resting spent in this place.
 E = Time spent auto-exploring this place.
 F = Levels seen in this place.
 G = Mean time per level.
                   A        B        C        D        E       F      G
               +--------+--------+--------+--------+--------+-----+--------+
         Total |   1989 |   1917 |     72 |      0 |   1527 |   3 |  663.0 |
       Dungeon |   1989 |   1917 |     72 |      0 |   1527 |   3 |  663.0 |
               +--------+--------+--------+--------+--------+-----+--------+

Top non-repeatable levels by time:
     D:1: 866 daAuts
     D:2: 704 daAuts
     D:3: 418 daAuts
